cohdb
Replays
Latest Replays
All Replays
Popular Replays
Top Player Replays
Match Explorer
How It Works
Community
CoH3 Stats
Reddit
Sign in to upload your games and track your stats! →
Sign in with Steam
Match 40146690
Unlisted
Match 40146690
Overview
Messages
Build Orders
End
Pioneer Squad
Construct Infanterie Kompanie
Grenadier Squad
Grenadier Squad
GrW 34 Mortar Team
Grenadier Squad
Infanterie Officer Quarters
MG 42 Machine Gun Team
Selects Terror Battlegroup
Selects Contempt for the Weak
Construct Panzergrenadier Kompanie
Selects Heavy Gunnery
251 Medium Carrier
Pak 40 Anti-tank Gun Team
Pioneer Squad
Construct Panzer Kompanie
Selects Defend the Fatherland
Stoßtruppen Squad
Panzer IV Medium Tank
Defend the Fatherland
Panzer IV Medium Tank
Panzer IV Medium Tank
BIOHAZARD
=BIA=Daghito
=BIA=Decapsy
Giovanni
Jimbobloft
Gedevan
Jiggy
ロイヤルメイド長ベル
0
0
Comments
sign in to comment!
No comments posted yet!